 Dungeon Crawl Stone Soup version bcrawl-1.14 (webtiles) character file.

Game seed: 1712734133274101710

46 Revguard the Ducker (level 3, 0/24 HPs)
             Began as a Barachi Archaeologist on Sept 9, 2019.
             Slain by an orc
             ... wielding a +0 trident
              (6 damage)
             ... on level 2 of the Dungeon.
             The game lasted 00:04:35 (698 turns).

Revguard the Ducker (Barachi Archaeologist)          Turns: 698, Time: 00:04:35

Health: 0/24       AC:  6    Str: 12    XL:     3   Next: 66%
Magic:  3/3        EV: 13    Int: 14    God:
Gold:   65         SH:  0    Dex: 11    Spells: 2/2 levels left

rFire    + . .     SeeInvis .     - Unarmed
rCold    + . .     Gourm    .   (no shield)
rNeg     . . .     Faith    .   b - +1 robe
rPois    +         Spirit   .   c - +1 hat
rElec    +         Reflect  .   (no cloak)
rCorr    +         Harm     .   (no gloves)
MR       .....     Clarity  +   d - +1 pair of boots
Stlth    ++........             (no amulet)
HPRegen  0.08/turn              (no ring)
MPRegen  0.08/turn              (no ring)

@: resistant, studying Unarmed Combat, slow
A: +LOS, swims, clarity, frail 1, slowness 1, strong legs 1
a: Hop


You were on level 2 of the Dungeon.
You were not hungry.

You visited 1 branch of the dungeon, and saw 2 of its levels.

You collected 65 gold pieces.

Inventory:

Hand Weapons
 a - a +0 whip
Armour
 b - a +1 robe (worn)
 c - a +1 hat (worn)
 d - a +1 pair of boots (worn)
 o - a +0 scale mail
Jewellery
 n - an uncursed ring of stealth {unknown}
Scrolls
 j - a scroll of immolation {unknown}
 k - a scroll of remove curse {unknown}
Potions
 m - a potion of mutation
Books
 e - a manual of Unarmed Combat
Miscellaneous
 f - an ancient crate
Comestibles
 g - 4 rations {!d}
 i - 3 chunks of flesh


   Skills:
 * Level 2.1 Fighting
 - Level 1.7 Maces & Flails
 * Level 1.9 Armour
 + Level 3.8 Dodging
 - Level 3.0 Stealth
 * Level 1.0 Unarmed Combat


You had 2 spell levels left.
You didn't know any spells.
Your spell library was empty.

Dungeon Overview and Level Annotations

Branches:
Dungeon (2/12)

Altars:
Ashenzari
Qazlal

Annotations:
D:2 Robin


Innate Abilities, Weirdness & Mutations

Shadows flee at your approach. (+LOS)
You can swim through water.
You cover ground slowly.
You can hop short distances.
You possess an exceptional clarity of mind.
You are frail. (-10% HP)


Message History

You feel less wooden.
Your +1 hat unmelds from your body.
Your +1 pair of boots unmelds from your body.
Your +1 robe unmelds from your body.
Robin roars a battlecry!
The goblins go into a battle-frenzy!
The orc misses you.
You hit the hobgoblin.
The hobgoblin is severely wounded.
The hobgoblin hits you with a +0 club.
* * * LOW HITPOINT WARNING * * *
Robin throws the goblin at you! The goblin completely misses you.
You hit the hobgoblin but do no damage.
The hobgoblin is severely wounded.
The orc closely misses you.
The hobgoblin hits you but does no damage.
The goblin hits you but does no damage.
You closely miss the goblin.
The orc hits you from afar with a +0 trident.
You die...

......##......#.......#
...............[..#####
......#..!......#..# #####
..... #....#..#.#..# #...
......#....#....##.###.###
..............#..####○....#
####.##%w...####..###.....####
....$....o####......._.....#
.....>....gg@g.##.##.....# .
#.#.#.....####.....#○...°###.
# #....#..###......###.###...
#..##.....#...........o....
.... #.....#............###.
..$###.................## . .#
....................# .
....................# #
.#.....)..###..#


You could see Robin, a dart slug, an orc, a hobgoblin and a goblin.

Vanquished Creatures
  2 dart slugs
  3 leopard geckos
  2 orcs (D:2)
  3 bats
  2 giant cockroaches (D:1)
  11 goblins
  3 hobgoblins
  A quokka (D:2)
  A frilled lizard (D:1)
  2 kobolds (D:1)
  4 rats (D:1)
34 creatures vanquished.

Vanquished Creatures (others)
  A goblin (D:2)
1 creature vanquished.

Grand Total: 35 creatures vanquished

Notes
Turn   | Place    | Note
-------+----------+-------------------------------------------
     0 | D:1      | Revguard the Barachi Archaeologist began the quest for the
                  | Orb.
     0 | D:1      | Reached XP level 1. HP: 15/15 MP: 1/1
    69 | D:1      | Reached skill level 1 in Armour
    79 | D:1      | Reached XP level 2. HP: 11/21 MP: 2/2
   561 | D:2      | Reached XP level 3. HP: 26/27 MP: 3/3
   612 | D:2      | Found a stormy altar of Qazlal.
   643 | D:2      | Found a shattered altar of Ashenzari.
   648 | D:2      | Noticed Robin
   666 | D:2      | Gained mutation: You are frail. (-10% HP) [potion of
                  | mutation]
   666 | D:2      | Gained mutation: You possess an exceptional clarity of
                  | mind. [potion of mutation]
   693 | D:2      | Reached skill level 1 in Unarmed Combat
   698 | D:2      | Slain by an orc

Skill      XL: |  1  2  3 |
---------------+----------+-----
Armour         | 1 |  1.9
Fighting       | 2 |  2.1
Unarmed Combat | 1 |  1.0
Maces & Flails | |  1.7
Dodging        | |  3.8
Stealth        | |  3.0

Action                   || total
-------------------------++-------
Melee: Whip              ||    69
       Unarmed           ||    39
 Abil: Hop               ||     1
  Use: Potion            ||     3
 Stab: Sleeping          ||     2
Armor: Robe              ||    35
       Skin              ||    39
Dodge: Dodged            ||    87
